 Dungeon Sprint DCSS version 0.31-b1-22-gc680215f68 (webtiles) character file.

Game seed: 383560252399691342

379613 Groucho the End of an Era (level 21, -25/224 HPs)
             Began as a Minotaur Fighter on Jan 18, 2024.
             Was the Champion of Qazlal.
             Killed from afar by a Hell Sentinel (49 damage)
             ... with damnation
             ... led by Ceyb
             ... in the Dungeon (Sprint VII: "The Pits").
             The game lasted 00:53:13 (16525 turns).

Groucho the End of an Era (Minotaur Fighter)       Turns: 16525, Time: 00:53:14

Health: -25/224    AC: 53    Str: 30    XL:     21   Next: 52%
Magic:  19/44      EV: 20    Int:  3    God:    Qazlal [******]
Gold:   264        SH: 44    Dex: 17    Spells: 70/70 levels left

rFire   + + +        Z - +9 sacred scourge (holy)
rCold   + + .        H - +5 tower shield
rNeg    . . .        x - +14 gold dragon scales
rPois   +            p - +2 hood of the Assassin {Detect Stab+ Stlth++}
rElec   .            c - +2 cloak
rCorr   .            I - +4 pair of gloves {Str+3}
SInv    +            t - +2 pair of boots {rampage}
Will    +....        A - amulet of Zotzoh Vus {Reflect Rampage SH+5} Stlth
                     X - ring of the Philosopher {rF++ rC+ Dex+3 SInv}
HPRegen 0.57/turn    Y - ring of Lady Luck {Int+2 Dex+3 Slay+5 Stlth+}
MPRegen 0.29/turn

%: no teleportation, random rage (3%), repel missiles, reflection, rampage
@: studying 2 skills
A: horns 2, retaliatory headbutt, iridescent scales 1, berserk 1, clumsy 2,
deformed body, deterioration 2, dopey 2, fire resistance 1, low MP 1, screaming
1, no potion heal 1, persistent drain
0: Orb of Zot
}: 3/3 runes: silver, golden, iron
a: Renounce Religion, Upheaval, Elemental Force, Disaster Area


You were in the Dungeon.
You worshipped Qazlal.
Qazlal was exalted by your worship.
You visited 1 branch You collected 264 gold pieces.

Inventory:

Hand Weapons
 a - a +5 broad axe
 f - the +6 sword of Cerebov {flame}
   (You took it off Cerebov in the Dungeon)
 u - the +9 staff of Olgreb {rPois∞}
   (You found it in the Dungeon)

   Radiate:   It can be activated via the 'a'bility menu to radiate toxic
   energy, with effectiveness depending on Evocations skill.
   Alch:      It enhances your alchemy magic.
   rPois∞: It grants immunity to poison.
 Z - a +9 sacred scourge of holy wrath (weapon)
Missiles
 K - 8 silver javelins
 L - 3 javelins (quivered)
 M - 13 boomerangs
Armour
 c - a +2 cloak (worn)
 p - the +2 hood of the Assassin (worn) {Detect Stab+ Stlth++}
   (You found it in the Dungeon)

   Detect:    It allows the wearer to sense nearby creatures.
   Stab+:     It allows the wearer to make particularly effective stabbing
   attacks against helpless or unaware enemies with any weapon.
   Stlth++:   It makes you much more stealthy.
 t - a +2 pair of boots of rampaging (worn)
 x - +14 gold dragon scales (worn)
 z - the orb of Dispater {+Damnation *Corrode AC+5}
   (You took it off Dispater in the Dungeon)

   +Damnation: It grants the ability to hurl damnation at the cost of health and
   magic, with strength depending on Evocations skill.
   AC+5:      It affects your AC (+5).
   *Corrode:  It may corrode you when you take damage.
 H - a +5 tower shield (worn)
 I - a +4 pair of gloves of strength (worn)
 W - the +3 crown of Dyrovepreva {rElec Int+2 SInv}
   (You found it in the Dungeon)

   Int+2:     It affects your intelligence (+2).
   rElec:     It insulates you from electricity.
   SInv:      It lets you see invisible.
Jewellery
 A - the amulet of Zotzoh Vus (around neck) {Reflect Rampage SH+5}
   (You found it in the Dungeon)

   [amulet of reflection]

   Reflect:   It reflects blocked missile attacks.
   SH+5:      It affects your SH (+5).
   Rampage:   It bestows one free step when moving towards enemies.
 B - the ring of Zib Usue {rElec rPois rF+ rC+ SInv}
   (You found it in the Dungeon)

   [ring of poison resistance]

   rF+:       It protects you from fire.
   rC+:       It protects you from cold.
   rElec:     It insulates you from electricity.
   rPois:     It protects you from poison SInv: It lets you see invisible.
 P - the ring "Suffi" {Wiz rF+ rN+ rCorr Dex+3}
   (You found it in the Dungeon)

   [ring of wizardry]

   Wiz:       It improves your spell success rate.
   Dex+3:     It affects your dexterity (+3).
   rF+:       It protects you from fire.
   rN+:       It protects you from negative energy.
   rCorr:     It protects you from acid and corrosion.
 Q - the ring "Dueb" {rPois rN+ Will+ Str+3 SInv}
   (You found it in the Dungeon)

   [ring of poison resistance]

   Str+3:     It affects your strength (+3).
   rPois:     It protects you from poison rN+: It protects you from negative
   energy.
   Will+:     It increases your willpower.
   SInv:      It lets you see invisible.
 R - the ring "Yfudaad" {rC+ rN++ Will++ Int-5}
   (You found it in the Dungeon)

   [ring of protection from cold]

   Int-5:     It affects your intelligence (-5).
   rC+:       It protects you from cold.
   rN++:      It greatly protects you from negative energy.
   Will++:    It greatly increases your willpower.
 S - the ring "Ybbiogg" {rPois rC+ Dex+6}
   (You found it in the Dungeon)

   [ring of poison resistance]

   Dex+6:     It affects your dexterity (+6).
   rC+:       It protects you from cold.
   rPois:     It protects you from poison
 T - the ring "Nitajy" {rN++ Dex+6}
   (You found it in the Dungeon)

   [ring of dexterity]

   Dex+6:     It affects your dexterity (+6).
   rN++:      It greatly protects you from negative energy.
 V - the ring of the Priest {rPois rF++ Dex+6}
   (You found it in the Dungeon)

   [ring of dexterity]

   Dex+6:     It affects your dexterity (+6).
   rF++:      It greatly protects you from fire.
   rPois:     It protects you from poison
 X - the ring of the Philosopher (left hand) {rF++ rC+ Dex+3 SInv}
   (You found it in the Dungeon)

   [ring of protection from cold]

   Dex+3:     It affects your dexterity (+3).
   rF++:      It greatly protects you from fire.
   rC+:       It protects you from cold.
   SInv:      It lets you see invisible.
 Y - the ring of Lady Luck (right hand) {Int+2 Dex+3 Slay+5 Stlth+}
   (You found it in the Dungeon)

   [ring of slaying]

   Int+2:     It affects your intelligence (+2).
   Dex+3:     It affects your dexterity (+3).
   Slay+5:    It affects your accuracy & damage with ranged weapons and melee
   (+5).
   Stlth+:    It makes you more stealthy.
Wands
 e - a wand of iceblast (13)
 v - a wand of digging (8)
 C - a wand of mindburst (8)
 N - a wand of flame (17)
 O - a wand of paralysis (12)
Scrolls
 j - 3 scrolls of blinking
 l - 2 scrolls of vulnerability
 m - 5 scrolls of amnesia
 n - a scroll of butterflies
 q - 2 scrolls of silence
 y - 6 scrolls of identify
 E - 5 scrolls of enchant armour
 F - 4 scrolls of enchant weapon
 G - 6 scrolls of fear
 U - 2 scrolls of fog
Potions
 d - 5 potions of might
 g - 16 potions of curing
 i - 5 potions of berserk rage
 k - 3 potions of invisibility
 o - 8 potions of heal wounds
 r - 6 potions of mutation
 s - 8 potions of haste
 w - 6 potions of brilliance
Miscellaneous
 b - a condenser vane
 D - a phantom mirror


   Skills:
 O Level 27 Fighting
 O Level 27 Axes
 O Level 27 Maces & Flails
 O Level 27 Throwing
 O Level 27 Armour
 O Level 27 Dodging
 O Level 27 Shields
 O Level 27 Unarmed Combat
 + Level 25.4 Spellcasting
 O Level 27 Invocations
 O Level 27 Evocations


You had 70 spell levels left.
You didn't know any spells.
Your spell library contained the following spells:

 Spells                   Type           Power      Damage    Failure   Level
 Necrotise                Necr           12%        1d4       24%         1
 Call Imp                 Summ           6%         N/A       34%         2
 Jinxbite                 Hex            6%         N/A       34%         2
 Lesser Beckoning         Tloc           6%         N/A       34%         2
 Mercury Vapours          Alch/Air       6%         N/A       34%         2
 Static Discharge         Conj/Air       6%         3-4/arc   34%         2
 Fugue of the Fallen      Necr           3%         N/A       56%         3
 Gell's Gravitas          Tloc           3%         N/A       56%         3
 Hailstorm                Conj/Ice       3%         3d5       56%         3
 Ozocubu's Armour         Ice            3%         N/A       56%         3
 Summon Ice Beast         Ice/Summ       3%         N/A       56%         3
 Teleport Other           Tloc           3%         N/A       56%         3
 Tukima's Dance           Hex            3%         N/A       56%         3
 Vampiric Draining        Necr           3%         2d6       56%         3
 Volatile Blastmotes      Fire/Tloc      6%         2d10      56%         3
 Anguish                  Hex/Necr       1%         N/A       93%         4
 Animate Dead             Necr           3%         N/A       93%         4
 Brom's Barrelling Bould  Conj/Erth      3%         2d3       93%         4
 Cause Fear               Hex            1%         N/A       93%         4
 Fulminant Prism          Conj/Alch      1%         3d5       93%         4
 Iskenderun's Mystic Bla  Conj/Tloc      3%         2d3       93%         4
 Leda's Liquefaction      Alch/Erth      1%         N/A       93%         4
 Manifold Assault         Tloc           3%         N/A       93%         4
 Martyr's Knell           Necr/Summ      3%         N/A       93%         4
 Passage of Golubria      Tloc           3%         N/A       93%         4
 Sticky Flame             Fire/Alch      3%         2d4       93%         4
 Vhi's Electric Charge    Tloc/Air       6%         N/A       93%         4
 Curse of Agony           Necr           3%         N/A       100%        5
 Fireball                 Conj/Fire      1%         3d3       100%        5
 Irradiate                Conj/Alch      1%         3d12      100%        5
 Lee's Rapid Deconstruct  Erth           1%         3d4*      100%        5
 Silence                  Hex/Air        1%         N/A       100%        5
 Summon Mana Viper        Hex/Summ       3%         N/A       100%        5
 Yara's Violent Unravell  Hex/Alch       1%         3d3       100%        5
 Bombard                  Conj/Erth      1%         9d1       100%        6
 Dispersal                Tloc           1%         N/A       100%        6
 Plasma Beam              Fire/Air       1%         2x1d11    100%        6
 Sculpt Simulacrum        Ice/Alch       1%         N/A       100%        6
 Summon Cactus Giant      Summ           1%         N/A       100%        6
 Enfeeble                 Hex            1%         N/A       100%        7
 Haunt                    Necr/Summ      1%         N/A       100%        7
 Monstrous Menagerie      Summ           1%         N/A       100%        7
 Disjunction              Tloc           1%         N/A       100%        8
 Infestation              Necr           1%         N/A       100%        8
 Lehudib's Crystal Spear  Conj/Erth      1%         10d2      100%        8
 Chain Lightning          Conj/Air       1%         3d2       100%        9
 Fire Storm               Conj/Fire      1%         8d1       100%        9
 Shatter                  Erth           1%         3d6*      100%        9


Dungeon Overview and Level Annotations

Branches:
Dungeon (1/1)

Altars:
Ashenzari
Cheibriados
Dithmenos
Elyvilon
Fedhas
Gozag
Hepliaklqana
Kikubaaqudgha
Makhleb
Nemelex Xobeh
Okawaru
Qazlal
Ru
Sif Muna
Trog
Uskayaw
Vehumet
Wu Jian
Xom
Yredelemnul
Zin
The Shining One
Jiyva
Lugonu


Innate Abilities, Weirdness & Mutations

You have a pair of horns on your head.
You reflexively headbutt those who attack you in melee.
You are partially covered in iridescent scales. (AC +2)
You sometimes lose your temper in combat.
You are very clumsy. (Dex -4)
Armour fits poorly on your strangely shaped body.
Your body often deteriorates upon taking damage.
You are very dopey. (Int -4)
Your flesh is heat resistant. (rF+)
Your magical capacity is low. (-10% MP)
You occasionally shout uncontrollably at your foes.
Potions are less effective at restoring your health.
Your health recovers twice as slowly from being drained.


Message History

The cutting wind hits Ceyb!!!!
Ceyb is almost dead.
Ceyb is engulfed in a thunderstorm.
You kill Ceyb!
Qazlal accepts your kill.
The rust devil disappears in a puff of smoke!
The ice devil disappears in a puff of smoke!
The Hell Sentinel gestures at you.
The sphere of damnation explodes!
The damnation engulfs you!!!
* * * LOW HITPOINT WARNING * * *
You feel your intelligence returning.
Unknown command.
You are too injured to fight recklessly!
Your system partially rejects the healing.
You feel much better.
Unknown command.
Unknown command.
Your system partially rejects the healing.
You feel much better. The Hell Sentinel gestures at you.
The sphere of damnation explodes!
The damnation engulfs you!!!
* * * LOW HITPOINT WARNING * * *
Unknown command.
Unknown command.
Aiming: Upheaval
Press: ? - help, Dir - move target, f - Hell Sentinel
Aim: a Hell Sentinel (severely wounded)
A blizzard blasts the area with ice!
The blast of ice hits the Hell Sentinel!
The Hell Sentinel partially resists.
The Hell Sentinel is severely wounded.
The Hell Sentinel is flash-frozen.
Unknown command.
Unknown command.
Your system partially rejects the healing.
You feel much better.
The Hell Sentinel is no longer encased in ice.
The Hell Sentinel gestures at you.
The sphere of damnation explodes!
The damnation engulfs you!!!
You die...

######## ##.......##
#........ ##.........##
#........)
##...≈..≈....###.....###..
#.....≈≈......#....###...)
#....≈..≈≈.≈......##.....[
#.......☼§○1≈≈...##.......
#......§.§○.§≈...#........
#......§)@.§.....#........
#.........○...≈).#........
#.......§.○.)....##.......
#.......)†.....†..##......
#......)).).).#....###....
##..≈...).)).###.....###..
##≈≈..)....## ##.....≈...
##.......## ##...≈....
####### #########


You could see a Hell Sentinel.

Vanquished Creatures
  Cerebov (D)
  Antaeus (D)
  Dissolution (D)
  Ignacio (D)
  Mnoleg (D)
  Frederick (D)
  Dispater (D)
  Tiamat (D)
  8 orbs of fire (D)
  Mennas (D)
  5 ancient liches (D)
  Mara (D)
  7 royal mummies (D)
  Xtahua (D)
  2 Killer Klowns (D)
  Boris (D)
  the Lernaean hydra (D)
  Margery (D)
  2 curse toes (D)
  4 pandemonium lords (D)
  10 golden dragons (D)
  Nikola (D)
  Jory (D)
  A profane servitor (D)
  3 pearl dragons (D)
  A bone dragon (D)
  4 Tzitzimimeh (D)
  A hellephant (D)
  8 Brimstone Fiends (D)
  A tentacled monstrosity (D)
  2 electric golems (D)
  4 Ice Fiends (D)
  2 Hell Sentinels (D)
  26 Orb Guardians (D)
  A titan (D)
  7 quicksilver dragons (D)
  2 liches (D)
  2 deep elf blademasters (D)
  3 deep elf master archers (D)
  A sphinx (D)
  2 acid blobs (D)
  4 storm dragons (D)
  An Executioner (D)
  2 death cobs (D)
  15 shadow dragons (D)
  7 nagarajas (D)
  2 rockslimes (D)
  3 draconian monks (D)
  An azure jelly (D)
  2 daevas (D)
  2 frost giants (D)
  13 iron dragons (D)
  An emperor scorpion (D)
  A fire giant (D)
  A draconian shifter (D)
  A balrug (D)
  2 draconian scorchers (D)
  2 deep elf sorcerers (D)
  4 orc warlords (D)
  A cacodemon (D)
  2 angels (D)
  Louise (D)
  A draconian stormcaller (D)
  2 stone giants (D)
  3 ophanim (D)
  A spriggan defender (D)
  4 deep elf demonologists (D)
  A deep elf death mage (D)
  A green draconian (D)
  A minotaur (D)
  5 black draconians (D)
  A deep elf annihilator (D)
  A war gargoyle (D)
  3 red draconians (D)
  Azrael (D)
  4 purple draconians (D)
  4 yellow draconians (D)
  A vampire knight (D)
  A dire elephant (D)
  5 white draconians (D)
  4 blizzard demons (D)
  An eidolon (D)
  A merfolk impaler (D)
  7 ettins (D)
  9 green deaths (D)
  3 merfolk javelineers (D)
  A yaktaur captain (D)
  3 deep elf high priests (D)
  13 fire dragons (D)
  3 vault guards (D)
  2 great orbs of eyes (D)
  14 ice dragons (D)
  A rakshasa (D)
  Erica (D)
  A catoblepas (D)
  6 ogre magi (D)
  2 hell beasts (D)
  8 hydras (D)
  A spriggan air mage (D)
  An alligator snapping turtle (D)
  An anaconda (D)
  A death yak (D)
  2 merfolk avatars (D)
  3 boulder beetles (D)
  4 two-headed ogres (D)
  2 death knights (D)
  3 dancing weapons (D)
  2 vampire magi (D)
  4 naga warriors (D)
  A spriggan berserker (D)
  3 soul eaters (D)
  2 sun demons (D)
  6 hell knights (D)
  5 iron trolls (D)
  A deep elf knight (D)
  A fire crab (D)
  3 sixfirhies (D)
  11 swamp dragons (D)
  A flayed ghost (D)
  2 arcanists (D)
  Pikel (D)
  A spriggan druid (D)
  18 deep trolls (D)
  8 harpies (D)
  A necromancer (D)
  A deep elf zephyrmancer (D)
  15 orc knights (D)
  A salamander (D)
  6 cyclopes (D)
  A deep elf pyromancer (D)
  3 orc sorcerers (D)
  An ugly thing (D)
  2 wolf spiders (D)
  A moth of wrath (D)
  A guardian serpent (D)
  A cane toad (shapeshifter) (D)
  A gargoyle (D)
  3 naga magi (D)
  A black mamba (D)
  A molten gargoyle (D)
  A rime drake (D)
  2 kobold demonologists (D)
  2 komodo dragons (D)
  3 hellions (D)
  A yaktaur (D)
  An efreet (D)
  3 tormentors (D)
  A freezing wraith (D)
  2 tyrant leeches (D)
  11 trolls (D)
  A polar bear (D)
  A polar bear (shapeshifter) (D)
  A wandering mushroom (D)
  A red devil (D)
  A merfolk (shapeshifter) (D)
  A snapping turtle (D)
  A hornet (D)
  10 merfolk (D)
  5 glass eyes (D)
  A tarantella (D)
  A wind drake (D)
  5 blink frogs (D)
  A culicivora (D)
  2 air elementals (D)
  A water elemental (D)
  A wyvern (D)
  A fire bat (D)
  4 redbacks (D)
  4 fire elementals (D)
  3 golden eyes (D)
  4 vampire mosquitoes (D)
  A warg (D)
  A chaos spawn (D)
  A water moccasin (D)
  3 nagas (D)
  An acid dragon (D)
  3 hell hounds (D)
  10 orc warriors (D)
  A swamp drake (shapeshifter) (D)
  A black bear (D)
  A black bear (shapeshifter) (D)
  A laughing skull (D)
  7 ogres (D)
  A centaur (D)
  2 phantoms (D)
  2 lemures (D)
  A weeping skull (D)
  A bullfrog (D)
  A scorpion (D)
  An earth elemental (D)
  A jelly (D)
  2 orc priests (D)
  An iguana (D)
  Terence (D)
  3 orc wizards (D)
  A hell rat (D)
  2 gnolls (D)
  2 adders (D)
  A river rat (D)
  An ufetubus (D)
  9 orcs (D)
  An endoplasm (D)
  A giant cockroach (D)
  3 ball pythons (D)
  A ball python simulacrum (D)
  A ball python skeleton (D)
  2 frilled lizards (D)
  2 giant cockroach zombies (D)
  A goblin (D)
  4 kobolds (D)
  A quokka skeleton (D)
599 creatures vanquished.

Vanquished Creatures (others)
  A shadow dragon (D)
  A ball python (D)
  A rat (D)
3 creatures vanquished.

Grand Total: 602 creatures vanquished

Notes
Turn   | Place    | Note
-------+----------+-------------------------------------------
     0 | D        | Groucho the Minotaur Fighter began the quest for the Orb.
     0 | D        | Reached XP level 1. HP: 19/19 MP: 0/0
     8 | D        | Noticed a scorpion
    16 | D        | Killed a scorpion
    17 | D        | Reached skill level 5 in Fighting
    17 | D        | Reached skill level 5 in Armour
    17 | D        | Reached skill level 5 in Shields
    17 | D        | Reached XP level 2. HP: 18/29 MP: 0/4
    17 | D        | Reached XP level 3. HP: 23/36 MP: 0/5
   433 | D        | Found a glowing golden altar of the Shining One.
   433 | D        | Found a glowing silver altar of Zin.
   433 | D        | Found a basalt altar of Yredelemnul.
   433 | D        | Found a shimmering altar of Xom.
   433 | D        | Found an ornate altar of the Wu Jian Council.
   433 | D        | Found a bloodstained altar of Trog.
   433 | D        | Found a shimmering blue altar of Sif Muna.
   433 | D        | Found a sacrificial altar of Ru.
   433 | D        | Found a stormy altar of Qazlal.
   433 | D        | Found an iron altar of Okawaru.
   433 | D        | Found a sparkling altar of Nemelex Xobeh.
   433 | D        | Found a burning altar of Makhleb.
   433 | D        | Found a viscous altar of Jiyva.
   433 | D        | Found a hazy altar of Hepliaklqana.
   433 | D        | Found an opulent altar of Gozag.
   433 | D        | Found a blossoming altar of Fedhas.
   433 | D        | Found a white marble altar of Elyvilon.
   433 | D        | Found a shadowy altar of Dithmenos.
   433 | D        | Found a snail-covered altar of Cheibriados.
   434 | D        | Found a radiant altar of Vehumet.
   434 | D        | Found a corrupted altar of Lugonu.
   435 | D        | Found a hide-covered altar of Uskayaw.
   435 | D        | Found an ancient bone altar of Kikubaaqudgha.
   435 | D        | Found a broken altar of Ashenzari.
   439 | D        | Became a worshipper of Qazlal Stormbringer
   458 | D        | Reached XP level 4. HP: 42/42 MP: 6/6
   464 | D        | Reached * piety under Qazlal
   475 | D        | Noticed a lemure
   475 | D        | Noticed a lemure
   480 | D        | Noticed a lemure
   481 | D        | Noticed Pikel
   485 | D        | Noticed a lemure
   492 | D        | Reached ** piety under Qazlal
   498 | D        | Killed a lemure
   498 | D        | Killed a lemure
   540 | D        | Killed Pikel
   541 | D        | Reached XP level 5. HP: 18/55 MP: 1/10
   541 | D        | Reached XP level 6. HP: 20/62 MP: 1/11
   541 | D        | Reached XP level 7. HP: 22/69 MP: 1/12
  1023 | D        | Reached *** piety under Qazlal
  1043 | D        | Noticed a hornet
  1046 | D        | Killed a hornet
  1047 | D        | Reached skill level 10 in Invocations
  1172 | D        | Noticed Terence
  1175 | D        | Killed Terence
  1177 | D        | Reached **** piety under Qazlal
  1190 | D        | Noticed a blink frog
  1190 | D        | Noticed a blink frog
  1190 | D        | Noticed a blink frog
  1190 | D        | Noticed a blink frog
  1191 | D        | Noticed a wandering mushroom
  1191 | D        | Noticed a blink frog
  1194 | D        | Killed a wandering mushroom
  1195 | D        | Reached XP level 8. HP: 75/79 MP: 4/14
  1205 | D        | Killed a blink frog
  1206 | D        | Killed a blink frog
  1207 | D        | Reached skill level 10 in Fighting
  1207 | D        | Reached skill level 10 in Armour
  1207 | D        | Reached skill level 10 in Shields
  1209 | D        | Killed a blink frog
  1210 | D        | Reached skill level 10 in Axes
  1211 | D        | Killed a blink frog
  1216 | D        | Killed a blink frog
  1217 | D        | Reached XP level 9. HP: 63/86 MP: 7/17
  1369 | D        | Noticed a tyrant leech
  1371 | D        | Reached ***** piety under Qazlal
  1373 | D        | Killed a tyrant leech
  1374 | D        | Reached skill level 1 in Dodging
  1633 | D        | Noticed Erica
  1633 | D        | Noticed a death yak
  1633 | D        | Noticed a komodo dragon
  1637 | D        | Killed Erica
  1637 | D        | Killed a komodo dragon
  1640 | D        | Killed a death yak
  2164 | D        | Noticed an orc sorcerer
  2168 | D        | Killed an orc sorcerer
  2168 | D        | Noticed a troll
  2169 | D        | Reached XP level 10. HP: 78/97 MP: 19/19
  2170 | D        | Reached skill level 5 in Dodging
  2172 | D        | Noticed a sixfirhy
  2177 | D        | Killed a sixfirhy
  2177 | D        | Noticed an orc knight
  2186 | D        | Killed an orc knight
  2547 | D        | Noticed an orc knight
  2554 | D        | Killed an orc knight
  2559 | D        | Noticed a deep troll
  2561 | D        | Reached skill level 15 in Invocations
  2566 | D        | Reached ****** piety under Qazlal
  2567 | D        | Reached XP level 11. HP: 101/107 MP: 9/21
  2572 | D        | Killed a deep troll
  2723 | D        | Noticed a deep troll
  2727 | D        | Killed a deep troll
  3325 | D        | Noticed an orc sorcerer
  3325 | D        | Noticed a flayed ghost
  3328 | D        | Killed an orc sorcerer
  3334 | D        | Killed a flayed ghost
  3861 | D        | Noticed a deep troll
  3864 | D        | Killed a deep troll
  4146 | D        | Noticed a rakshasa
  4153 | D        | Killed a rakshasa
  4166 | D        | Noticed a boulder beetle
  4179 | D        | Killed a boulder beetle
  4180 | D        | Reached skill level 15 in Fighting
  4195 | D        | Noticed a sun demon
  4196 | D        | Noticed a boulder beetle
  4202 | D        | Killed a sun demon
  4203 | D        | Reached skill level 15 in Axes
  4203 | D        | Reached XP level 12. HP: 90/121 MP: 16/23
  4217 | D        | Killed a boulder beetle
  4218 | D        | Reached skill level 10 in Dodging
  4236 | D        | Reached skill level 15 in Armour
  4236 | D        | Reached skill level 15 in Shields
  4267 | D        | Noticed a naga warrior
  4267 | D        | Noticed an orc warlord
  4267 | D        | Noticed an orc warlord
  4267 | D        | Noticed a merfolk javelineer
  4267 | D        | Noticed a vault guard
  4267 | D        | Noticed a minotaur
  4268 | D        | Noticed a storm dragon
  4268 | D        | Noticed a deep elf demonologist
  4269 | D        | Killed a merfolk javelineer
  4269 | D        | Noticed a naga warrior
  4269 | D        | Noticed a vault guard
  4271 | D        | Killed a naga warrior
  4271 | D        | Killed a deep elf demonologist
  4271 | D        | Killed a vault guard
  4271 | D        | Killed an orc warlord
  4271 | D        | Killed a naga warrior
  4271 | D        | Killed an orc warlord
  4272 | D        | Reached XP level 13. HP: 96/130 MP: 16/25
  4275 | D        | Killed a minotaur
  4275 | D        | Killed a storm dragon
  4995 | D        | Found the +9 staff of Olgreb {rPois∞}
  5133 | D        | Noticed a blizzard demon
  5134 | D        | Noticed a vampire knight
  5134 | D        | Noticed a deep elf annihilator
  5134 | D        | Killed a deep elf annihilator
  5134 | D        | Killed a blizzard demon
  5135 | D        | Killed a vampire knight
  5231 | D        | Noticed a death cob
  5231 | D        | Noticed a yellow draconian
  5241 | D        | Killed a death cob
  5255 | D        | Killed a yellow draconian
  5256 | D        | Noticed a nagaraja
  5258 | D        | Paralysed by an air elemental for 1 turns
  5283 | D        | Killed a merfolk impaler
  5286 | D        | Killed a nagaraja
  5295 | D        | Reached XP level 14. HP: 44/144 MP: 19/27
  5907 | D        | Noticed a deep elf sorcerer
  5912 | D        | Killed a deep elf sorcerer
  5931 | D        | Noticed a green draconian monk
  5942 | D        | Killed a green draconian monk
  6478 | D        | Reached skill level 15 in Dodging
  6481 | D        | Noticed a nagaraja
  6483 | D        | Killed a nagaraja
  6741 | D        | Noticed a nagaraja
  6748 | D        | Noticed a nagaraja
  6750 | D        | Killed a nagaraja
  6750 | D        | Killed a nagaraja
  6787 | D        | Noticed a deep elf sorcerer
  6789 | D        | Killed a deep elf sorcerer
  6852 | D        | Noticed an angel
  6853 | D        | Killed an angel
  7174 | D        | Got the ring "Suffi" {Wiz rF+ rN+ rCorr Dex+3}
  7176 | D        | Got the ring "Dueb" {rPois rN+ Will+ Str+3 SInv}
  7178 | D        | Got the ring "Yfudaad" {rC+ rN++ Will++ Int-5}
  7180 | D        | Got the ring "Ybbiogg" {rPois rC+ Dex+6}
  7182 | D        | Got the ring "Hiub" {rPois rC- Str+6 Int+6 Stlth+}
  7186 | D        | Got the ring "Nas Gec" {rN+ MP-9 Str+8 Int+6 Dex+3}
  7189 | D        | Got the ring "Xuny" {rPois Will+}
  7192 | D        | Got the ring "Nitajy" {rN++ Dex+6}
  7203 | D        | Got the ring of the Priest {rPois rF++ Dex+6}
  7205 | D        | Got the ring "Jiffij" {rCorr Dex+6}
  7207 | D        | Got the ring of Youthful Indiscretion {Wiz rPois Stlth+}
  7225 | D        | Got the ring "Noomiaf" {Ice rN+ Str+4}
  7228 | D        | Got the ring of the Philosopher {rF++ rC+ Dex+3 SInv}
  7230 | D        | Got the ring of Lady Luck {Int+2 Dex+3 Slay+5 Stlth+}
  7232 | D        | Got the ring of Nudegal {*Slow rCorr Int+3}
  7236 | D        | Got the amulet "Ynga Hau" {Spirit Int+4}
  7239 | D        | Got the amulet of the Tick {RegenMP Dex+2 Stlth+}
  7244 | D        | Got the ring of Immorality {Str+6 Dex+2}
  7248 | D        | Got the amulet of Ciesacae {Faith rF+ rC- Will+ Str+3}
  7255 | D        | Got the amulet of the Kodama {Reflect rF+ rN+ Str-4 SH+5
                  | SInv}
  7258 | D        | Got the amulet of Puzes {RegenMP rC+ rN+ Int-5 Dex+2}
  7261 | D        | Got the amulet "Lomnef" {Faith Will+ SInv}
  7264 | D        | Got the amulet of the Wonderful Lychee {Regen+ Int+4}
  7268 | D        | Got the ring of Orie {rPois rF+ Int+6}
  7272 | D        | Got the amulet "Opliqea" {Spirit rElec Slay+3 Stlth-}
  7295 | D        | Got the Compendium of Liminal Accelerants
  7315 | D        | Got the Almanac of Amalgamated Contamination
  7321 | D        | Got the Directory of Phantasmal Resurrection
  7328 | D        | Got the Collected Works on the Entourage and the Wind
  7379 | D        | Noticed a Brimstone Fiend
  7394 | D        | Killed a Brimstone Fiend
  7395 | D        | Reached skill level 1 in Maces & Flails
  7913 | D        | Noticed an emperor scorpion
  7919 | D        | Noticed a white draconian stormcaller
  7928 | D        | Killed an emperor scorpion
  7932 | D        | Killed a white draconian stormcaller
  8003 | D        | Noticed Xtahua
  8005 | D        | Killed Xtahua
  8006 | D        | Identified the ring of Sissaquda {rElec rPois Int+3}
  8011 | D        | Noticed Azrael
  8015 | D        | Noticed a shadow dragon
  8019 | D        | Killed Azrael
  8020 | D        | Reached XP level 15. HP: 122/158 MP: 6/29
  8035 | D        | Noticed a nagaraja
  8036 | D        | Killed a nagaraja
  8043 | D        | Killed a shadow dragon
  8063 | D        | Noticed a frost giant
  8070 | D        | HP: 7/160 [frost giant/bolt of cold (39)]
  8076 | D        | Killed a frost giant
  8079 | D        | Noticed a death cob
  8096 | D        | Killed a death cob
  8099 | D        | Noticed a nagaraja
  8132 | D        | Killed a nagaraja
  8385 | D        | Noticed a deep elf master archer
  8389 | D        | Killed a deep elf master archer
  8456 | D        | Noticed a green draconian monk
  8459 | D        | Noticed a quicksilver dragon
  8462 | D        | Noticed a profane servitor
  8464 | D        | Noticed an iron dragon
  8469 | D        | Killed a quicksilver dragon
  8473 | D        | Noticed a nagaraja
  8474 | D        | Killed a green draconian monk
  8477 | D        | Killed an iron dragon
  8477 | D        | Killed a nagaraja
  8479 | D        | Killed a profane servitor
  9042 | D        | Found the +2 hood of the Assassin {Detect Stab+ Stlth++}
  9042 | D        | Noticed a titan
  9042 | D        | Identified the +5 rapier of an ossuary {flame, rF+ Int+4}
  9042 | D        | Identified the +2 spear "Undertaker" {flame, rElec Will+
                  | Str-4}
  9043 | D        | Killed a titan
  9044 | D        | Reached skill level 27 in Invocations
  9044 | D        | Reached XP level 16. HP: 174/174 MP: 22/32
  9284 | D        | Got the Disquisition on the Congregated Elixir
  9288 | D        | Got a silver rune of Zot
  9288 | D        | Got the Atlas of the Battered Hells
  9466 | D        | Noticed an orb of fire
  9481 | D        | Gained mutation: Your flesh is heat resistant. (rF+) [an
                  | orb of fire]
  9502 | D        | Gained mutation: Your body sometimes deteriorates upon
                  | taking damage. [an orb of fire]
  9509 | D        | Killed an orb of fire
  9793 | D        | Noticed a royal mummy
  9799 | D        | Killed a royal mummy
 10032 | D        | Noticed a lich
 10034 | D        | Killed a lich
 10037 | D        | Noticed an Executioner
 10041 | D        | Killed an Executioner
 10050 | D        | Noticed Boris
 10060 | D        | Killed Boris
 10063 | D        | Noticed a deep elf master archer
 10063 | D        | Noticed a Brimstone Fiend
 10063 | D        | Noticed an Ice Fiend
 10064 | D        | Killed a deep elf master archer
 10064 | D        | Killed an Ice Fiend
 10064 | D        | Killed a Brimstone Fiend
 10172 | D        | Noticed an orb of fire
 10177 | D        | Gained mutation: You occasionally shout uncontrollably at
                  | your foes. [an orb of fire]
 10187 | D        | Gained mutation: Your body often deteriorates upon taking
                  | damage. [an orb of fire]
 10190 | D        | Gained mutation: You frequently scream uncontrollably at
                  | your foes. [an orb of fire]
 10198 | D        | Gained mutation: Armour fits poorly on your strangely
                  | shaped body. [an orb of fire]
 10199 | D        | Killed an orb of fire
 10207 | D        | Noticed an electric golem
 10214 | D        | Killed an electric golem
 10505 | D        | Lost mutation: You frequently scream uncontrollably at your
                  | foes. [potion of mutation]
 10505 | D        | Lost mutation: You occasionally shout uncontrollably at
                  | your foes. [potion of mutation]
 10505 | D        | Lost mutation: Armour fits poorly on your strangely shaped
                  | body. [potion of mutation]
 10505 | D        | Gained mutation: Your muscles are strong. (Str +4, Int/Dex
                  | -1) [potion of mutation]
 10505 | D        | Gained mutation: You possess an exceptional clarity of
                  | mind. [potion of mutation]
 10505 | D        | Gained mutation: You are robust. (+10% HP) [potion of
                  | mutation]
 10506 | D        | Lost mutation: You possess an exceptional clarity of mind.
                  | [potion of mutation]
 10506 | D        | Lost mutation: You are robust. (+10% HP) [potion of
                  | mutation]
 10506 | D        | Lost mutation: Your body often deteriorates upon taking
                  | damage. [potion of mutation]
 10506 | D        | Gained mutation: You are strong-willed. (Will+) [potion of
                  | mutation]
 10506 | D        | Gained mutation: You have an increased reservoir of magic.
                  | (+10% MP) [potion of mutation]
 10506 | D        | Gained mutation: You are dopey. (Int -2) [potion of
                  | mutation]
 10506 | D        | Gained mutation: You are partially covered in iridescent
                  | scales. (AC +2) [potion of mutation]
 10507 | D        | Lost mutation: Your body sometimes deteriorates upon taking
                  | damage. [potion of mutation]
 10507 | D        | Lost mutation: Your muscles are strong. (Str +4, Int/Dex
                  | -1) [potion of mutation]
 10507 | D        | Lost mutation: You have an increased reservoir of magic.
                  | (+10% MP) [potion of mutation]
 10507 | D        | Gained mutation: You are clumsy. (Dex -2) [potion of
                  | mutation]
 10507 | D        | Gained mutation: You are partially covered in large bone
                  | plates. (SH +4) [potion of mutation]
 10508 | D        | Noticed a quicksilver dragon
 10517 | D        | Killed a quicksilver dragon
 10520 | D        | Noticed a Tzitzimitl
 10528 | D        | Killed a Tzitzimitl
 10945 | D        | Noticed Dispater
 10952 | D        | Noticed a Hell Sentinel
 10962 | D        | Noticed a Hell Sentinel
 10976 | D        | Killed Dispater
 11241 | D        | Found the +3 crown of Dyrovepreva {rElec Int+2 SInv}
 11241 | D        | Noticed a golden dragon
 11241 | D        | Noticed a golden dragon
 11241 | D        | Noticed a quicksilver dragon
 11241 | D        | Noticed a golden dragon
 11241 | D        | Noticed a golden dragon
 11241 | D        | Noticed a quicksilver dragon
 11241 | D        | Noticed a golden dragon
 11241 | D        | Noticed a shadow dragon
 11241 | D        | Noticed a shadow dragon
 11241 | D        | Noticed a shadow dragon
 11241 | D        | Noticed a golden dragon
 11249 | D        | Noticed a quicksilver dragon
 11251 | D        | Noticed a shadow dragon
 11251 | D        | Noticed a shadow dragon
 11251 | D        | Noticed a shadow dragon
 11251 | D        | Noticed a golden dragon
 11251 | D        | Noticed a quicksilver dragon
 11251 | D        | Noticed a shadow dragon
 11251 | D        | Noticed a shadow dragon
 11251 | D        | Noticed a shadow dragon
 11251 | D        | Noticed a golden dragon
 11251 | D        | Noticed a shadow dragon
 11251 | D        | Noticed a golden dragon
 11251 | D        | Noticed a shadow dragon
 11251 | D        | Noticed a quicksilver dragon
 11251 | D        | Found the +3 hat of Pondering {ponderous, Will+ MP+10
                  | Int+5}
 11252 | D        | Noticed a golden dragon
 11252 | D        | Killed a quicksilver dragon
 11252 | D        | Killed a quicksilver dragon
 11252 | D        | Killed a quicksilver dragon
 11252 | D        | Killed a shadow dragon
 11252 | D        | Killed a quicksilver dragon
 11252 | D        | Killed a shadow dragon
 11252 | D        | Killed a shadow dragon
 11252 | D        | Killed a shadow dragon
 11252 | D        | Killed a shadow dragon
 11252 | D        | Killed a quicksilver dragon
 11252 | D        | Killed a golden dragon
 11252 | D        | Killed a golden dragon
 11252 | D        | Killed a golden dragon
 11252 | D        | Killed a shadow dragon
 11252 | D        | Killed a golden dragon
 11252 | D        | Killed a shadow dragon
 11252 | D        | Killed a shadow dragon
 11252 | D        | Killed a shadow dragon
 11252 | D        | Killed a shadow dragon
 11252 | D        | Killed a shadow dragon
 11253 | D        | Reached skill level 27 in Fighting
 11253 | D        | Reached skill level 27 in Axes
 11253 | D        | Reached skill level 27 in Armour
 11253 | D        | Reached skill level 27 in Dodging
 11253 | D        | Reached skill level 27 in Shields
 11253 | D        | Reached XP level 17. HP: 167/191 MP: 24/33
 11253 | D        | Killed a golden dragon
 11254 | D        | Reached skill level 15 in Maces & Flails
 11256 | D        | Killed a golden dragon
 11256 | D        | Killed a golden dragon
 11258 | D        | Killed a golden dragon
 11259 | D        | Reached XP level 18. HP: 177/200 MP: 24/34
 11263 | D        | Killed a golden dragon
 11264 | D        | Killed a golden dragon
 11267 | D        | Reached skill level 15 in Evocations
 11364 | D        | Got Sif Muna's Codex of Telluric Distillation
 11367 | D        | Got a golden rune of Zot
 11383 | D        | Got the ring of Zib Usue {rElec rPois rF+ rC+ SInv}
 11412 | D        | Got the Folio of the Blizzard and Mustering
 11546 | D        | Found the +6 sword of Cerebov {flame}
 11546 | D        | Noticed Cerebov
 11578 | D        | Killed Cerebov
 11598 | D        | Noticed an orb of fire
 11617 | D        | Killed an orb of fire
 11804 | D        | Noticed a royal mummy
 11813 | D        | Killed a royal mummy
 11849 | D        | Noticed an ancient lich
 11852 | D        | Killed an ancient lich
 11860 | D        | Noticed a Hell Sentinel
 11868 | D        | Killed a Hell Sentinel
 11871 | D        | Noticed Margery
 11881 | D        | Killed Margery
 11884 | D        | Noticed a royal mummy
 11888 | D        | Killed a royal mummy
 11890 | D        | Noticed Antaeus
 11916 | D        | Killed Antaeus
 11917 | D        | Reached skill level 27 in Maces & Flails
 11920 | D        | Noticed an ancient lich
 11924 | D        | Killed an ancient lich
 11944 | D        | Noticed a pearl dragon
 11951 | D        | Killed a pearl dragon
 12040 | D        | Noticed a Brimstone Fiend
 12042 | D        | Killed a Brimstone Fiend
 12052 | D        | Noticed an orb of fire
 12065 | D        | Gained mutation: Your magical capacity is low. (-10% MP)
                  | [an orb of fire]
 12070 | D        | Gained mutation: You sometimes lose your temper in combat.
                  | [an orb of fire]
 12074 | D        | Killed an orb of fire
 12302 | D        | Noticed a royal mummy
 12307 | D        | Killed a royal mummy
 12308 | D        | Reached XP level 19. HP: 191/207 MP: 31/31
 12338 | D        | Noticed an orb of fire
 12350 | D        | Gained mutation: Potions are less effective at restoring
                  | your health. [an orb of fire]
 12355 | D        | Killed an orb of fire
 12685 | D        | Identified the orb of Qoirph {light, rElec}
 12685 | D        | Noticed Frederick
 12696 | D        | Noticed Ignacio
 12696 | D        | Killed Frederick
 12707 | D        | Killed Ignacio
 12708 | D        | Reached skill level 27 in Evocations
 13238 | D        | Noticed a Brimstone Fiend
 13243 | D        | Killed a Brimstone Fiend
 13246 | D        | Noticed Xaimuorr the pandemonium lord
 13246 | D        | Noticed a Tzitzimitl
 13254 | D        | Killed a Tzitzimitl
 13255 | D        | Reached skill level 10 in Throwing
 13257 | D        | Killed Xaimuorr the pandemonium lord
 13262 | D        | Noticed a curse toe
 13269 | D        | Killed a curse toe
 13277 | D        | Noticed Edepattue the pandemonium lord
 13289 | D        | Killed Edepattue the pandemonium lord
 13290 | D        | Reached skill level 15 in Throwing
 13461 | D        | Noticed a Brimstone Fiend
 13461 | D        | Noticed a Killer Klown
 13464 | D        | Killed a Killer Klown
 13468 | D        | Killed a Brimstone Fiend
 13666 | D        | Noticed an orb of fire
 13676 | D        | Killed an orb of fire
 13761 | D        | Got an iron rune of Zot
 13807 | D        | Noticed Fesuqoz the pandemonium lord
 13821 | D        | Killed Fesuqoz the pandemonium lord
 13957 | D        | Noticed a royal mummy
 13964 | D        | Killed a royal mummy
 14121 | D        | Noticed Louise
 14121 | D        | Noticed Nikola
 14122 | D        | Noticed an orb of fire
 14123 | D        | Killed Louise
 14123 | D        | Killed Mara
 14124 | D        | Gained mutation: Your body sometimes deteriorates upon
                  | taking damage. [an orb of fire]
 14125 | D        | Killed an orb of fire
 14125 | D        | Killed Nikola
 14266 | D        | Noticed a Brimstone Fiend
 14266 | D        | Noticed a Tzitzimitl
 14269 | D        | Killed a Tzitzimitl
 14269 | D        | Killed a Brimstone Fiend
 14270 | D        | Reached skill level 27 in Throwing
 14303 | D        | Reached skill level 1 in Spellcasting
 14339 | D        | Noticed a hellephant
 14343 | D        | Reached skill level 10 in Unarmed Combat
 14343 | D        | Reached XP level 20. HP: 139/216 MP: 4/32
 14349 | D        | Reached skill level 5 in Spellcasting
 15120 | D        | Got the amulet of Zotzoh Vus {Reflect Rampage SH+5}
 15280 | D        | Reached skill level 15 in Unarmed Combat
 15405 | D        | Noticed a Killer Klown
 15417 | D        | Reached skill level 10 in Spellcasting
 15418 | D        | Noticed Dissolution
 15425 | D        | Killed a Killer Klown
 15430 | D        | Noticed a curse toe
 15436 | D        | Killed Dissolution
 15450 | D        | Killed a curse toe
 16103 | D        | Noticed Jory
 16103 | D        | Noticed Mennas
 16118 | D        | Noticed an orb of fire
 16133 | D        | Noticed an ancient lich
 16133 | D        | Gained mutation: You occasionally shout uncontrollably at
                  | your foes. [an orb of fire]
 16134 | D        | Gained mutation: Your health recovers twice as slowly from
                  | being drained. [an orb of fire]
 16137 | D        | Killed Mennas
 16140 | D        | Killed Jory
 16144 | D        | Killed an ancient lich
 16157 | D        | Lost mutation: You are partially covered in large bone
                  | plates. (SH +4) [potion of mutation]
 16157 | D        | Lost mutation: You sometimes lose your temper in combat.
                  | [potion of mutation]
 16157 | D        | Lost mutation: You are strong-willed. (Will+) [potion of
                  | mutation]
 16157 | D        | Gained mutation: Your body often deteriorates upon taking
                  | damage. [potion of mutation]
 16158 | D        | Gained mutation: You are very clumsy. (Dex -4) [an orb of
                  | fire]
 16162 | D        | Gained mutation: You are very dopey. (Int -4) [an orb of
                  | fire]
 16163 | D        | Gained mutation: You have hidden genetic defects. [an orb
                  | of fire]
 16165 | D        | Killed an orb of fire
 16166 | D        | Reached skill level 15 in Spellcasting
 16178 | D        | Noticed a pearl dragon
 16183 | D        | Killed a pearl dragon
 16212 | D        | Noticed Mnoleg
 16223 | D        | Killed Mnoleg
 16229 | D        | Gained mutation: Armour fits poorly on your strangely
                  | shaped body. [hidden defects]
 16467 | D        | Noticed an ancient lich
 16467 | D        | Noticed the 27-headed Lernaean hydra
 16468 | D        | Noticed a royal mummy
 16472 | D        | Noticed an ancient lich
 16475 | D        | Killed an ancient lich
 16475 | D        | Killed the 27-headed Lernaean hydra
 16475 | D        | Killed a royal mummy
 16476 | D        | Reached skill level 27 in Unarmed Combat
 16476 | D        | Reached XP level 21. HP: 198/224 MP: 27/40
 16476 | D        | Noticed a royal mummy
 16476 | D        | Found the +4 dragonskin cloak
 16476 | D        | Noticed Tiamat
 16477 | D        | Killed an ancient lich
 16477 | D        | Killed a royal mummy
 16483 | D        | Gained mutation: You sometimes lose your temper in combat.
                  | [hidden defects]
 16483 | D        | Lost mutation: You have hidden genetic defects. [hidden
                  | defects expressed]
 16486 | D        | Killed Tiamat
 16513 | D        | Got the Orb of Zot
 16516 | D        | Noticed Ceyb the pandemonium lord
 16521 | D        | Killed Ceyb the pandemonium lord
 16523 | D        | HP: 9/224 [Hell Sentinel/damnation[Ceyb] (46)]
 16525 | D        | Killed from afar by a Hell Sentinel

Illustrated notes

Levels and vault maps discovered:
D:        pitsprint [storerooms_1, entrance_room_1, metal_vault_3, armoury_3,
          mini_pit_1, grid_room_1, main_hall_1, silver_pit, the_coven_1,
          the_vestibule_1, steel_vault_3, golden_pit, hallway_of_sentries,
          crystal_vault_2, iron_vault_3, final_vault]

Skill      XL: |  1  2  3  4  5  6  7  8  9 10 11 12 13 14 15 16 17 18 19 20 21 |
---------------+----------------------------------------------------------------+-----
Fighting       | 5 8 9 10 12 13 15 16 18 21 24 27 | 27.0
Axes           | 4 7 9 10 11 13 15 16 18 22 27 | 27.0
Armour         | 5 8 9 10 11 13 14 16 18 20 23 27 | 27.0
Shields        | 5 8 9 10 11 13 14 16 18 20 23 27 | 27.0
Invocations    | 4 8 10 12 13 15 17 18 21 23 27 | 27.0
Dodging        | 4 7 9 12 14 16 20 27 | 27.0
Maces & Flails | 2 14 17 27 | 27.0
Evocations     | 11 13 25 27 | 27.0
Throwing       | 27 | 27.0
Unarmed Combat | 10 27 | 27.0
Spellcasting   | 4 21 25 | 25.4

Action                     |  1- 3 |  4- 6 |  7- 9 | 10-12 | 13-15 | 16-18 | 19-21 || total
---------------------------+-------+-------+-------+-------+-------+-------+-------++-------
  Melee: War axe           |     6 |       |     5 |    84 |    25 |       |       ||   120
         Hand axe          |     4 |    18 |    47 |       |       |       |       ||    69
         Headbutt          |       |     1 |    10 |    22 |    48 |   125 |   101 ||   307
         Broad axe         |       |       |       |       |   177 |       |       ||   177
         Sacred scourge    |       |       |       |       |     8 |   363 |   351 ||   722
  Throw: Javelin           |       |       |       |       |       |       |     9 ||     9
 Invoke: Upheaval          |       |     4 |    12 |    24 |    56 |    11 |    27 ||   134
         Disaster Area     |       |       |       |     6 |     9 |     7 |    13 ||    35
    Use: Potion            |     1 |     5 |       |     2 |    14 |    12 |     7 ||    41
         Scroll            |       |       |       |       |       |     8 |     1 ||     9
   Stab: Invisible         |       |     2 |       |       |       |       |       ||     2
         Petrified         |       |       |       |       |     6 |       |       ||     6
 Armour: Scale mail        |     4 |    22 |    20 |       |       |       |       ||    46
         Ring mail         |       |       |     2 |    29 |     8 |       |       ||    39
         Chain mail        |       |       |       |       |    89 |    49 |    28 ||   166
         Gold dragon scale |       |       |       |       |       |       |    48 ||    48
  Dodge: Dodged            |     6 |     8 |    15 |    32 |    73 |    42 |    45 ||   221
         Repelled          |       |       |       |     1 |     4 |     3 |     7 ||    15
  Block: Buckler           |     2 |    11 |    26 |    70 |    10 |       |       ||   119
         Tower shield      |       |       |       |       |   337 |   226 |   368 ||   931
         Reflection        |       |       |       |       |    14 |     7 |     8 ||    29
